 Dungeon Crawl Stone Soup version 0.30-a0-772-g5528072125 (webtiles) character file.

Game seed: 17251793157609066290

2830222 demibob the Heavyweight Champion (level 27, 318/318 HPs)
             Began as a Troll Monk on Feb 12, 2023.
             Was the Champion of Qazlal.
             Escaped with the Orb
             ... and 4 runes on Feb 13, 2023!
             The game lasted 02:53:49 (53041 turns).

demibob the Heavyweight Champion (Troll Monk)      Turns: 53041, Time: 02:53:50

Health: 318/318    AC: 34    Str: 30    XL:     27
Magic:  26/26      EV: 20    Int:  6    God:    Qazlal [******]
Gold:   6881       SH: 22    Dex: 22    Spells: 26/26 levels left

rFire   + + .      SeeInvis .      - Unarmed
rCold   + + .      Faith    .    g - +1 kite shield "Renguuga" {Regen+}
rNeg    . . .      Spirit   .    D - +9 ice dragon scales
rPois   .          Reflect  .    b - +1 hat "Muonetsu" {Harm +Blink Will++ Str+3}
rElec   .          Harm     +    U - +1 cloak of Starlight {*Dazzle EV+4 Stlth--}
rCorr   +          Rampage  .    (gloves unavailable)
Will    +++++                    (boots unavailable) Stlth
                                 J - amulet of Greed {RegenMP Harm rF+ Will+}
HPRegen 2.33/turn                R - ring of Hunuocw {rF+ rC+ rCorr}
MPRegen 0.60/turn                F - ring of Yleed {Fire Fly Will+++}

@: flying, repel missiles
A: large, unfitting armour, claws 3, regeneration 1, shaggy fur 1, tough skin 1,
iridescent scales 1, low MP 1
0: Orb of Zot
}: 4/15 runes: serpentine, barnacled, slimy, silver
a: Renounce Religion, Evoke Blink, Upheaval, Elemental Force, Disaster Area


You escaped.
You worshipped Qazlal.
Qazlal was exalted by your worship.
You visited 12 branches of the dungeon, and saw 56 of its levels.
You visited 2 bazaars.
You also visited: Trove, Ossuary, Gauntlet and Ice Cave.

You collected 10801 gold pieces.
You spent 3920 gold pieces at shops.


Innate Abilities, Weirdness & Mutations

You are too large for most types of armour.
You have claws for hands.
Your natural rate of healing is unusually fast.
You are covered in fur. (AC +1)
You have tough skin. (AC +1)
You are partially covered in iridescent scales. (AC +2)
Your magical capacity is low. (-10% MP)


   Skills:
 + Level 26.0 Fighting
 + Level 21.4 Armour
 - Level 13.0 Dodging
 - Level 2.9 Stealth
 - Level 9.5 Shields
 O Level 27 Unarmed Combat
 - Level 9.9 Invocations


You had 26 spell levels left.
You didn't know any spells.
Your spell library contained the following spells:

 Spells                   Type           Power      Damage    Failure   Level
 Beastly Appendage        Tmut           0%         N/A       83%         1
 Foxfire                  Conj/Fire      0%         2x1d4     83%         1
 Freeze                   Ice            0%         1d3       83%         1
 Sandblast                Erth           0%         2d4       83%         1
 Shock                    Conj/Air       0%         1d3       83%         1
 Sting                    Tmut/Pois      0%         1d3       83%         1
 Blink                    Tloc           0%         N/A       93%         2
 Cigotuvi's Dreadful Rot  Necr/Pois/Air  0%         N/A       93%         2
 Ensorcelled Hibernation  Hex/Ice        0%         N/A       93%         2
 Momentum Strike          Conj/Tloc      0%         3d8       93%         2
 Passwall                 Tmut/Erth      0%         N/A       93%         2
 Poisonous Vapours        Pois/Air       0%         N/A       93%         2
 Scorch                   Fire           0%         2d5       93%         2
 Sublimation of Blood     Necr           0%         N/A       93%         2
 Wereblood                Tmut           0%         N/A       93%         2
 Call Canine Familiar     Summ           0%         N/A       99%         3
 Dazzling Flash           Conj/Hex       0%         N/A       99%         3
 Frozen Ramparts          Ice            0%         1d1       99%         3
 Gell's Gravitas          Tloc           0%         N/A       99%         3
 Hailstorm                Conj/Ice       0%         3d3       99%         3
 Inner Flame              Hex/Fire       0%         N/A       99%         3
 Kindle Blastsparks       Fire/Tloc/Air  0%         2d10      99%         3
 Mephitic Cloud           Conj/Pois/Air  0%         N/A       99%         3
 Portal Projectile        Hex/Tloc       0%         N/A       99%         3
 Spider Form              Tmut/Pois      0%         N/A       99%         3
 Stone Arrow              Conj/Erth      0%         3d7       99%         3
 Summon Guardian Golem    Hex/Summ       0%         N/A       99%         3
 Swiftness                Air            0%         N/A       99%         3
 Vhi's Electric Charge    Tloc/Air       0%         N/A       99%         3
 Airstrike                Air            0%         2d(0-16)  100%        4
 Anguish                  Hex/Necr       0%         N/A       100%        4
 Animate Armour           Summ/Erth      0%         N/A       100%        4
 Animate Dead             Necr           0%         N/A       100%        4
 Flame Wave               Conj/Fire      0%         2d4       100%        4
 Fulminant Prism          Conj/Hex       0%         3d5       100%        4
 Ice Form                 Ice/Tmut       0%         N/A       100%        4
 Iskenderun's Mystic Bla  Conj/Tloc      0%         2d3       100%        4
 Leda's Liquefaction      Hex/Erth       0%         N/A       100%        4
 Manifold Assault         Tloc           0%         N/A       100%        4
 Olgreb's Toxic Radiance  Pois           0%         N/A       100%        4
 Passage of Golubria      Tloc           0%         N/A       100%        4
 Petrify                  Tmut/Erth      0%         N/A       100%        4
 Sticky Flame             Conj/Fire      0%         2d3       100%        4
 Summon Ice Beast         Ice/Summ       0%         N/A       100%        4
 Summon Lightning Spire   Summ/Air       0%         N/A       100%        4
 Agony                    Necr           0%         N/A       100%        5
 Blade Hands              Tmut           0%         N/A       100%        5
 Borgnjor's Vile Clutch   Necr/Erth      0%         N/A       100%        5
 Fireball                 Conj/Fire      0%         3d3       100%        5
 Freezing Cloud           Conj/Ice/Air   0%         6-21      100%        5
 Irradiate                Conj/Tmut      0%         3d11      100%        5
 Lee's Rapid Deconstruct  Erth           0%         3d4*      100%        5
 Lightning Bolt           Conj/Air       0%         1d11      100%        5
 Silence                  Hex/Air        0%         N/A       100%        5
 Yara's Violent Unravell  Hex/Tmut       0%         3d3       100%        5
 Death Channel            Necr           0%         N/A       100%        6
 Iron Shot                Conj/Erth      0%         9d1       100%        6
 Simulacrum               Ice/Necr       0%         N/A       100%        6
 Starburst                Conj/Fire      0%         6d3       100%        6
 Statue Form              Tmut/Erth      0%         N/A       100%        6
 Summon Cactus Giant      Summ           0%         N/A       100%        6
 Enfeeble                 Hex            0%         N/A       100%        7
 Haunt                    Necr/Summ      0%         N/A       100%        7
 Malign Gateway           Summ/Tloc      0%         N/A       100%        7
 Orb of Destruction       Conj           0%         9d5       100%        7
 Ozocubu's Refrigeration  Ice            0%         4d7       100%        7
 Spellforged Servitor     Conj/Summ      0%         N/A       100%        7
 Storm Form               Tmut/Air       0%         N/A       100%        7
 Ignition                 Fire           0%         3d3       100%        8
 Lehudib's Crystal Spear  Conj/Erth      0%         10d2      100%        8
 Necromutation            Tmut/Necr      0%         N/A       100%        8
 Summon Horrible Things   Summ           0%         N/A       100%        8
 Chain Lightning          Conj/Air       0%         N/A       100%        9
 Death's Door             Necr           0%         N/A       100%        9
 Fire Storm               Conj/Fire      0%         5d1       100%        9

Inventory:

Missiles
 f - a throwing net {=f}
Armour
 b - the +1 hat "Muonetsu" (worn) {Harm +Blink Will++ Str+3}
   (You found it in a treasure trove)

   Str:       It affects your strength (+3).
   +Blink:    It lets you blink.
   Harm:      It increases damage dealt and taken.
   Will:      It greatly increases your willpower.
 g - the +1 kite shield "Renguuga" (worn) {Regen+}
   (You acquired it on level 2 of the Orcish Mines)

   Regen:     It increases your rate of health regeneration.
 D - +9 ice dragon scales (worn)
 U - the +1 cloak of Starlight (worn) {*Dazzle EV+4 Stlth--}
   (You found it in a treasure trove)

   *Dazzle:   It may blind those who miss an attack against the wearer in melee
   combat.
   EV:        It affects your evasion (+4).
   Stlth:     It makes you much less stealthy.
Jewellery
 o - the ring "Jezxiega" {rElec rN+ Will++ Str-3 Stlth+}
   (You found it on level 2 of the Realm of Zot)

   [ring of positive energy]

   Str:       It affects your strength (-3).
   rElec:     It insulates you from electricity.
   rN:        It protects you from negative energy.
   Will:      It greatly increases your willpower.
   Stlth:     It makes you more stealthy.
 v - a ring of see invisible
 A - the ring of Vampiric Thralls {rElec rCorr Int+8 Dex-3}
   (You found it on level 2 of the Lair of Beasts)

   [ring of resist corrosion]

   Int:       It affects your intelligence (+8).
   Dex:       It affects your dexterity (-3).
   rElec:     It insulates you from electricity.
   rCorr:     It protects you from acid and corrosion.
 C - the ring "Qopapi" {+Blink Will+ SInv}
   (You took it off a yaktaur on level 5 of the Vaults)

   [ring of see invisible]

   SInv:      It lets you see invisible.
   +Blink:    It lets you blink.
   Will:      It increases your willpower.
 E - a +5 ring of evasion
 F - the ring of Yleed (right claw) {Fire Fly Will+++}
   (You bought it in a shop on level 1 of the Snake Pit)

   [ring of fire]

   It enhances your fire magic.
   rF:        It protects you from fire.
   rC:        It makes you vulnerable to cold.
   Fly:       It grants you flight.
   Will:      It greatly increases your willpower.
 J - the amulet of Greed (around neck) {RegenMP Harm rF+ Will+}
   (You found it on level 2 of the Lair of Beasts)

   [amulet of magic regeneration]

   It increases your rate of magic regeneration.
   rF:        It protects you from fire.
   Harm:      It increases damage dealt and taken.
   Will:      It increases your willpower.
 R - the ring of Hunuocw (left claw) {rF+ rC+ rCorr}
   (You took it off a merfolk on level 4 of the Shoals)

   [ring of protection from fire]

   rF:        It protects you from fire.
   rC:        It protects you from cold.
   rCorr:     It protects you from acid and corrosion.
 Z - the ring of Spite {rF+ AC+4}
   (You found it on level 5 of the Pits of Slime)

   [ring of protection]

   AC:        It affects your AC (+4).
   rF:        It protects you from fire.
Wands
 s - a wand of flame (79)
 t - a wand of mindburst (25)
 u - a wand of digging (38)
 w - a wand of quicksilver (31)
 H - a wand of polymorph (11)
 M - a wand of roots (39)
 P - a wand of charming (33)
Scrolls
 c - 8 scrolls of magic mapping
 d - 8 scrolls of poison
 e - 12 scrolls of fear
 l - 7 scrolls of enchant armour
 x - 3 scrolls of blinking
 B - 10 scrolls of fog
 V - 15 scrolls of teleportation {@r2}
 W - 2 scrolls of butterflies
 X - 3 scrolls of amnesia
 Y - 2 scrolls of enchant weapon
Potions
 a - a potion of magic
 h - 5 potions of heal wounds {@q2}
 i - 3 potions of resistance
 j - 21 potions of curing {@q1}
 k - 8 potions of cancellation
 n - 5 potions of mutation
 p - 9 potions of degeneration
 q - 11 potions of flight
 r - 5 potions of invisibility
 z - 10 potions of brilliance
 K - a potion of haste {@q3}
 Q - 3 potions of berserk rage {!q}
 S - 7 potions of ambrosia
 T - 3 potions of might
Miscellaneous
 m - a condenser vane
 y - a box of beasts
 I - a piece from Xom's chessboard (15/15)
 L - a phantom mirror
 N - a lightning rod (4/4)
 O - a phial of floods

Dungeon Overview and Level Annotations

Branches:
Dungeon (15/15)            Temple (1/1) D:4            Lair (5/5) D:10
 Shoals (4/4) Lair:2        Snake (4/4) Lair:3        Slime (5/5) Lair:4
    Orc (2/2) D:9             Elf (3/3) Orc:2        Vaults (5/5) D:14
  Crypt (3/3) Vaults:3       Tomb (0/3) Crypt:3      Depths (4/4) D:15
    Zot (5/5) Depths:4    Ossuary (visited)           IceCv (visited)
Gauntlet (visited)

Altars:
Ashenzari
Cheibriados
Dithmenos
Elyvilon
Fedhas
Gozag
Hepliaklqana
Kikubaaqudgha
Makhleb
Nemelex Xobeh
Okawaru
Qazlal
Ru
Sif Muna
Trog
Uskayaw
Vehumet
Wu Jian
Xom
Yredelemnul
Zin
The Shining One
Jiyva

Shops:
D:1 (   D:4 ***!   D:5 [   Orc:2 !=(*   Elf:1 =   Elf:3 [*([   Snake:1 !*:*
Snake:2 *   Snake:3 [!(!   Vaults:3 [   Vaults:5 [[   Depths:1 (

Portals:
Hell: Depths:1 Depths:2 Depths:3 Depths:4
Abyss: Depths:1 Depths:3
Pandemonium: Depths:1 Depths:2
Ziggurat: Depths:3

Annotations:
Lair:1 1 runed translucent door, tarna41's ghost, journeyman MiBe
Lair:3 exclusion: oklob plant
Elf:2 3 runed translucent doors
Vaults:3 3 runed translucent doors, Kevimi's ghost, adept FeNe; Qeunemit's ghost, adept GrFi; Rinoumap's ghost, adept TrCK; cheesebisquit's ghost, adept GrEE; jlumianski's ghost, adept DsFi
Zot:4 1 transporter

#.# #.# ########### #.#
#.........#######.###
#.######............#
#.######.....○.##.#.#########
#...............(............
#..##.....○.........#####.###
#..##.##..○.@○.....## ##.## #
#..##.##......§.#.## #.##
#.........§..○☼.#.# #.#
#####(####.....##.# #.## ## #.#
###.####+## ##.## # .# #.#
#####...## ##.### .# #.###
##.....## ##... .# #.#.##
##.......## ##.#
.########....####.........####...


There were no monsters in sight!


Message History

You feel protected from cold. You block Eguullaf's attack.
Eguullaf is engulfed in freezing vapours.
Eguullaf hits you!!
You feel more protected from cold. Eguullaf freezes you.
Your surroundings seem slightly different.
Blink to where?
Press: ? - help, Dir - move target
As you read the scroll of blinking, it crumbles to dust.
You fly upwards.
A demonic crawler comes into view.
There is a stone staircase leading down here.
You eviscerate the demonic crawler!!!
You kill the demonic crawler!
Qazlal accepts your kill.
No target in view!
(D) Dungeon (T) Temple (L) Lair (A) Shoals (P) Snake Pit (M) Slime Pits (O) Orcish Mines (E) Elven Halls (V) Vaults (C) Crypt (W) Tomb (U) Depths (H) Hell (Z) Zot
Where to? (Enter - D:1, ? - help) HP restored.
There is a stone staircase leading up here.
You fly upwards.
There is a stone staircase leading down here.
Your protection from cold is fading.
You feel less protected from cold.
There is a staircase leading out of the dungeon here.
You have escaped!

Skill      XL: |  1  2  3  4  5  6  7  8  9 10 11 12 13 14 15 16 17 18 19 20 21 22 23 24 25 26 27 |
---------------+----------------------------------------------------------------------------------+-----
Unarmed Combat | 4 5 7 8 10 11 13 16 17 19 20 21 22 23 24 26 27 | 27.0
Dodging        | 3 4 5 7 12 13 | 13.0
Invocations    | 3 6 7 9 |  9.9
Fighting       | 4 7 9 11 13 14 16 18 19 20 21 23 24 26 | 26.0
Stealth        | 2 |  2.9
Shields        | 7 9 |  9.5
Armour         | 6 10 13 15 16 17 19 21 | 21.4

Action                     |  1- 3 |  4- 6 |  7- 9 | 10-12 | 13-15 | 16-18 | 19-21 | 22-24 | 25-27 || total
---------------------------+-------+-------+-------+-------+-------+-------+-------+-------+-------++-------
  Melee: Unarmed           |   104 |   114 |   208 |   575 |  1074 |  1197 |  1229 |  1575 |  1713 ||  7789
         Punch             |     2 |     3 |     8 |    60 |    81 |       |       |       |       ||   154
 Invoke: Upheaval          |       |       |       |     3 |     1 |     5 |       |       |       ||     9
         Elemental Force   |       |       |       |     4 |     2 |     5 |     4 |     2 |       ||    17
         Disaster Area     |       |       |       |       |       |       |       |     4 |       ||     4
  Evoke: Wand              |       |       |       |     5 |    16 |     1 |       |     1 |     1 ||    24
         Lightning rod     |       |       |       |       |     8 |    18 |       |     4 |       ||    30
         Phantom mirror    |       |       |       |       |     2 |     2 |       |       |     1 ||     5
    Use: Scroll            |       |     9 |     3 |    14 |     6 |    13 |     8 |    11 |    10 ||    74
         Potion            |       |       |     1 |     9 |     8 |    28 |     3 |    10 |    18 ||    77
   Stab: Sleeping          |     4 |     1 |       |       |       |       |       |       |       ||     5
         Invisible         |       |       |       |     1 |     1 |    14 |     9 |     9 |    22 ||    56
         Paralysed         |       |       |       |     3 |       |       |     1 |       |       ||     4
         Distracted        |       |       |       |     1 |       |     2 |       |       |       ||     3
         Petrified         |       |       |       |     1 |       |       |       |       |       ||     1
 Armour: Robe              |    45 |    19 |    14 |    14 |    57 |       |       |       |       ||   149
         Steam dragon scal |       |       |       |    60 |     7 |       |       |       |       ||    67
         Ice dragon scales |       |       |       |       |    67 |   285 |   266 |   335 |   469 ||  1422
  Dodge: Dodged            |    28 |    49 |    64 |   242 |   424 |   604 |   484 |   481 |   623 ||  2999
         Repelled          |       |       |       |     5 |    10 |    21 |    14 |    13 |    32 ||    95
  Block: Other             |       |     2 |    56 |   231 |   252 |       |       |       |       ||   541
         Reflection        |       |       |     1 |     9 |     9 |       |       |       |       ||    19
         Kite shield       |       |       |       |       |   326 |  1190 |  1100 |  1017 |  1133 ||  4766

Levels and vault maps discovered:
D:1:      dpeg_arrival_orchard, layout_loops_corners, serial_shops,
          nicolae_shop_trees
D:2:      layout_loops_ring, grunt_ministairs_1, dk_noncrumbling_3
D:3:      layout_rooms, minmay_misc_feat_room, uniq_jessica, uniq_natasha
D:4:      layout_loops_ring, chequers_temple_overflow_statue_of_worship,
          minmay_temple_entry_butterflies, serial_shops, nicolae_shop_stone,
          kennysheep_mini, shop, shop
D:5:      kennysheep_windowed_halls, layout_cave_pods, serial_gnoll_camp,
          gnoll_camp_mini_shop, gnoll_camp_mini_sergeant,
          gnoll_camp_mini_doghouse, gnoll_camp_mini_hut, serial_bayou_pond_c,
          uniq_grinder, uniq_ijyb, uniq_prince_ribbit1, uniq_pikel
D:6:      layout_rooms, gup_ossuary_entry_pyramid,
          nicolae_kite_square_tiling_tiny
D:7:      layout_gridville, slow_altar_2, serial_undead, serial_undead_d,
          serial_undead_e, serial_undead_e, serial_undead_d,
          nicolae_figureground_pulse, uniq_menkaure, uniq_maggie
D:8:      layout_loops_ring, gammafunk_ghost_stat_death
D:9:      layout_irregular_city, david_orc_2
D:10:     layout_basic, dpeg_lair_monsters, serial_ice, serial_ice_f,
          serial_ice_g, serial_ice_h, serial_ice_i, minmay_lindwurm_lava
D:11:     lemuel_ice_statue, layout_rooms, special_room [special_room_orc],
          nicolae_trove_entry_isolated, nicolae_hepliaklqana_ecumenical_no_more,
          uniq_urug
D:12:     layout_small_grid
D:13:     layout_basic, drop_trap
D:14:     layout_basic, grunt_vaults_entry_fortified,
          hellmonk_okawaru_the_only_friend_you_need, gammafunk_ghost_door_vault,
          portal_ice_cave_entry_ice_statue_two
D:15:     grunt_enter_depths_giant_problem, layout_long_grid, elyvilon_altar_5,
          minivault_16
Temple:   compressed_dpeg_triangle_lava_temple
Lair:1:   layout_loops_ring, gammafunk_ghost_grave, grunt_megastairs_5
Lair:2:   layout_loops_ring, elwin_shoals_entry_rocks,
          gammafunk_ghost_berserking_beasts, lemuel_fruit_fields, uniq_gastronok
Lair:3:   minmay_lair_oklob_tunnel, layout_small_grid,
          nicolae_snake_entry_warm_welcome, gauntlet_entry_generic
Lair:4:   layout_gridlike, dpeg_slime_entry_enclosed, grunt_megastairs_4
Lair:5:   evilmike_catoblepas_cave, layout_big_grid
Shoals:1: layout_shoals, lightli_airlock
Shoals:2: cheibrodos_shoals_epimethial_gifts, layout_shoals,
          nicolae_shoals_enchanted_isle
Shoals:3: layout_shoals, nzn_prometheus_bound
Shoals:4: shoals_end_grunt_ice, layout_shoals, shoals_ilsuiw_ice
Snake:1:  layout_grid_maze, nicolae_snake_lava_pool, minmay_shoptagon,
          uniq_frances
Snake:2:  layout_concentric_octagons, basic_altar, serial_shops, shop,
          serial_bayou_shore_a
Snake:3:  layout_gridlike, serial_shops, nicolae_shop_crystal,
          nicolae_shop_statue_plus, nicolae_shop_temple_entry_statues_fountains,
          shop, grunt_megastairs_3, uniq_saint_roka
Snake:4:  minmay_snake_end_coiled, layout_rooms, serial_bayou_pond_c
Slime:1:  layout_caves, cheibrodos_slime_lost_civilization_6
Slime:2:  layout_caves
Slime:3:  layout_caves, nicolae_slime_rock_hall_of_fame
Slime:4:  layout_caves, nicolae_slime_round_cave
Slime:5
Orc:1:    layout_caves, nicolae_orc_crystal_geode
Orc:2:    grunt_orc_tribal_feast, layout_diamond_mine, serial_shops,
          bzr_entry_dummy
Elf:1:    nicolae_elf_arrival_fired_up, layout_rooms, serial_shops,
          nicolae_shop_behind_doors, minmay_elf_annihilation,
          hangedman_elven_pyramids, amcnicky_mini_rare_corridor_liquid,
          uniq_donald, uniq_jorgrun
Elf:2:    elven_hall_of_blades_hangedman_original [nicolae_blade_tridents],
          layout_onion_city
Elf:3:    minmay_elf_hall_x, layout_geoelf_grid, gammafunk_ghost_split,
          serial_shops, shop_statue, grunt_megastairs_1, minmay_shop_star
Vaults:1: v_pattern_3, vaults_dpeg_spiral, hangedman_vaults_corner,
          dpeg_vaults_monster_row, nicolae_vaults_twisting_passages,
          nicolae_vaults_what_the_h, v_misc_15, nicolae_vaults_border_crossing,
          vaults_room_semicircle, vaults_room_pools, nicolae_vaults_theta,
          layout_vaults_omnicross
Vaults:2: v_rooms_1, ontoclasm_vaults_fault, nicolae_vaults_minivaults,
          vaults_room_octagon, grunt_vaults_focal, v_rooms_5, vaults_mumra_hex,
          layout_vaults_big_room
Vaults:3: gammafunk_ghost_cemetery, v_pattern_4, v_misc_2, vaults_dpeg_diagonal,
          v_misc_5, ontoclasm_vaults_idyll, grunt_vaults_funnel,
          vaults_room_pool, v_misc_9, dpeg_vaults_waves, hangedman_vaults_nodes,
          minmay_crypt_entry_necro_gods, v_alt_pattern_1, layout_vaults_ring,
          serial_shops, nicolae_shop_temple_entry_statues_fountains, uniq_boris
Vaults:4: v_misc_4, nicolae_vaults_yaktaur_gun_rack,
          nicolae_vaults_three_branches, vaults_mumra_chevron,
          nicolae_vaults_little_squares_3, nicolae_vaults_little_squares_3,
          nicolae_vaults_ninety_degrees, vaults_room_hallway,
          vaults_room_hallway, hangedman_vaults_nails, hangedman_vaults_nails,
          nicolae_vaults_angled_halls, vaults_dpeg_hooks,
          layout_vaults_maze_bifur
Vaults:5: serial_shops
Crypt:1:  layout_regular_city, st_stairs_11, corexii_hall_statues_i,
          grunt_crypt_arrival_webbed, uniq_frederick
Crypt:2:  layout_gridlike, uniq_josephina
Crypt:3:  church_of_pain_bobbens, layout_chaotic_city, tomb_entry_simple_bobbens
Depths:1: dreamdust_isle_of_ice, layout_gridville,
          pf_vacation_house_of_asmodeus, serial_shops, shop,
          abyss_entry_crystal, rand_demon_pan_entry_1, st_stairs_13,
          fountainhead, hangedman_decor_push, grunt_decor_resistance,
          chequers_serial_rivers_micro_b, minmay_mirror_moons_of_madness,
          uniq_sojobo
Depths:2: cheibrodos_leafed_vault, layout_cave_shapes, hell_entry,
          vehumet_crystals, pan_entry, infiniplex_staircase_door_maze,
          uniq_grunn
Depths:3: grunt_bruiser_brothers, layout_basic, enter_ziggurat_d,
          infiniplex_staircase_zigzag_1, serial_shops, bzr_entry_road,
          pf_hell_entry_tar_spiral, abyss_entry
Depths:4: grunt_zot_entry_funnels, layout_basic, grunt_hell_entry_dis_grunt,
          uniq_margery
Zot:1:    layout_gridlike, ebering_ghost_inner_flame
Zot:2:    gammafunk_sealed_arena, layout_misc_corridors, lemuel_elevator
Zot:3:    layout_twisted_circle, grunt_ministairs_1
Zot:4:    layout_misc_corridors, grunt_ministairs_15, nicolae_diode_stairs
Zot:5:    layout_twisted_circle

Notes
Turn   | Place    | Note
-------+----------+-------------------------------------------
     0 | D:1      | demibob the Troll Monk began the quest for the Orb.
     0 | D:1      | Reached XP level 1. HP: 22/22 MP: 0/0
   206 | D:1      | Found Biemath's Antique Weapon Emporium.
   226 | D:1      | Reached XP level 2. HP: 29/29 MP: 1/1
   513 | D:1      | Reached skill level 4 in Unarmed Combat
   892 | D:2      | Reached XP level 3. HP: 30/36 MP: 2/2
  1345 | D:2      | Reached XP level 4. HP: 44/44 MP: 3/3
  1615 | D:3      | Noticed Natasha
  1627 | D:3      | Killed Natasha
  1628 | D:3      | Reached skill level 5 in Unarmed Combat
  1668 | D:3      | Noticed Jessica
  1683 | D:3      | Noticed Natasha
  1693 | D:3      | Killed Natasha
  1740 | D:3      | Noticed Natasha
  1749 | D:3      | Killed Natasha
  1750 | D:3      | Reached XP level 5. HP: 41/50 MP: 4/4
  1905 | D:3      | Reached skill level 6 in Unarmed Combat
  1907 | D:3      | Killed Jessica
  1981 | D:3      | Noticed an ogre
  2013 | D:3      | Killed an ogre
  2014 | D:3      | Reached skill level 7 in Unarmed Combat
  2014 | D:3      | Reached XP level 6. HP: 35/59 MP: 5/5
  2234 | D:4      | Found Qanimos's General Store.
  2239 | D:4      | Bought a potion of flight for 36 gold pieces
  2239 | D:4      | Bought a scroll of fear for 48 gold pieces
  2253 | D:4      | Found Waguac's General Store.
  2254 | D:4      | Found an ancient bone altar of Kikubaaqudgha.
  2254 | D:4      | Found a hide-covered altar of Uskayaw.
  2471 | D:4      | Found Jeukud's Assorted Antiques.
  2509 | D:4      | Found a staircase to the Ecumenical Temple.
  2637 | D:4      | Reached skill level 3 in Dodging
  2682 | Temple   | Entered the Ecumenical Temple
  2790 | Temple   | Became a worshipper of Qazlal Stormbringer
  2790 | Temple   | Reached * piety under Qazlal
  2790 | Temple   | Reached ** piety under Qazlal
  3031 | D:4      | Found Ovi Hous's Distillery.
  3034 | D:4      | Bought a potion of might for 40 gold pieces
  3076 | D:5      | Entered Level 5 of the Dungeon
  3093 | D:5      | Noticed Pikel
  3098 | D:5      | Reached XP level 7. HP: 66/66 MP: 6/6
  3109 | D:5      | Killed Pikel
  3110 | D:5      | Reached skill level 4 in Dodging
  3110 | D:5      | Reached skill level 8 in Unarmed Combat
  3121 | D:5      | Reached XP level 8. HP: 74/74 MP: 7/7
  3186 | D:5      | Noticed Prince Ribbit
  3199 | D:5      | Killed Prince Ribbit
  3200 | D:5      | Reached skill level 5 in Dodging
  3200 | D:5      | Reached skill level 9 in Unarmed Combat
  3228 | D:5      | Found Patomob's Antique Armour Shoppe.
  3232 | D:5      | Noticed Ijyb
  3243 | D:5      | Killed Ijyb
  3304 | D:5      | Noticed Grinder
  3419 | D:5      | Paralysed by Grinder for 3 turns
  3440 | D:5      | Killed Grinder
  3441 | D:5      | Reached skill level 1 in Invocations
  3511 | D:5      | Reached skill level 2 in Invocations
  3698 | D:5      | Reached skill level 10 in Unarmed Combat
  3740 | D:5      | Reached skill level 3 in Invocations
  3740 | D:5      | Reached XP level 9. HP: 64/80 MP: 10/10
  4024 | D:5      | Noticed a two-headed ogre
  4034 | D:5      | Killed a two-headed ogre
  4035 | D:5      | Reached skill level 4 in Invocations
  4106 | D:5      | Reached skill level 5 in Invocations
  4128 | D:5      | Reached skill level 11 in Unarmed Combat
  4136 | D:5      | Reached *** piety under Qazlal
  4310 | D:5      | Identified 3 potions of resistance
  4377 | D:6      | Found a sand-covered staircase.
  4387 | Ossuary  | Entered an ossuary
  4726 | Ossuary  | Reached skill level 6 in Invocations
  4803 | D:6      | Reached XP level 10. HP: 71/88 MP: 13/13
  4985 | D:6      | Reached **** piety under Qazlal
  5459 | D:7      | Noticed Menkaure
  5467 | D:7      | Killed Menkaure
  5598 | D:7      | Found a snail-covered altar of Cheibriados.
  5708 | D:7      | Reached skill level 12 in Unarmed Combat
  5763 | D:7      | Reached skill level 7 in Invocations
  6007 | D:7      | Noticed Maggie
  6011 | D:7      | Killed Maggie
  6490 | D:8      | Found a transporter.
  6499 | D:8      | Noticed Chaicat's ghost (novice TrFi)
  6510 | D:8      | Found a transporter.
  6534 | D:8      | Reached skill level 13 in Unarmed Combat
  6917 | D:8      | Killed Chaicat's ghost
  7000 | D:9      | Found a staircase to the Orcish Mines.
  7005 | D:9      | Reached ***** piety under Qazlal
  7186 | D:9      | Reached XP level 11. HP: 64/94 MP: 15/15
  7257 | D:9      | Reached skill level 14 in Unarmed Combat
  7413 | D:9      | Identified the +5 halberd "Pielah" {flame, rF+}
  7920 | D:10     | Entered Level 10 of the Dungeon
  8004 | D:10     | Noticed a death yak
  8004 | D:10     | Noticed a death yak
  8010 | D:10     | Noticed a death yak
  8026 | D:10     | Killed a death yak
  8037 | D:10     | Killed a death yak
  8057 | D:10     | Killed a death yak
  8058 | D:10     | Reached skill level 15 in Unarmed Combat
  8192 | D:10     | Found a staircase to the Lair.
  8321 | D:10     | Reached ****** piety under Qazlal
  8350 | D:10     | Reached skill level 16 in Unarmed Combat
  8383 | D:10     | Noticed a lindwurm
  8388 | D:10     | Noticed a lindwurm
  8389 | D:10     | Noticed a lindwurm
  8389 | D:10     | Noticed a lindwurm
  8621 | Lair:1   | Entered Level 1 of the Lair of Beasts
  8691 | Lair:1   | Reached skill level 3 in Fighting
  8831 | Lair:1   | Identified a scroll of acquirement
  8831 | Lair:1   | Upgraded the game from 0.30-a0-760-g5a9884bb7c to
                  | 0.30-a0-772-g5528072125
  8913 | Lair:1   | Found a runed translucent door.
  8914 | Lair:1   | Noticed tarna41's ghost (journeyman MiBe)
  9033 | Lair:1   | Reached skill level 4 in Fighting
  9033 | Lair:1   | Reached XP level 12. HP: 107/107 MP: 16/16
  9262 | Lair:1   | Acquired 899 gold pieces
  9298 | Lair:2   | Noticed a catoblepas
  9322 | Lair:2   | Noticed Gastronok
  9331 | Lair:2   | Noticed an eight-headed hydra
  9343 | Lair:2   | Killed an eight-headed hydra
  9363 | Lair:2   | Killed Gastronok
  9364 | Lair:2   | Reached skill level 5 in Fighting
  9372 | Lair:2   | Reached skill level 17 in Unarmed Combat
  9380 | Lair:2   | Killed a catoblepas
  9398 | Lair:2   | Reached skill level 6 in Fighting
  9492 | Lair:2   | Found a staircase to the Shoals.
  9547 | Lair:2   | Reached skill level 7 in Fighting
  9669 | Lair:2   | Found a transporter.
  9676 | Lair:2   | Noticed Pooter's ghost (journeyman MiBe)
  9692 | Lair:2   | Noticed a five-headed hydra
  9745 | Lair:2   | Found the +5 Lochaber axe {reach-cleave, Poleaxe Drain}
  9937 | Lair:2   | Found a transporter.
 10083 | Lair:2   | Killed Pooter's ghost
 10089 | Lair:2   | Identified the ring of Vampiric Thralls {rElec rCorr Int+8
                  | Dex-3}
 10096 | Lair:2   | Killed a six-headed hydra
 10104 | Lair:2   | Identified the amulet of Greed {RegenMP Harm rF+ Will+}
 10222 | Lair:3   | Reached XP level 13. HP: 84/124 MP: 17/17
 10232 | Lair:3   | Reached skill level 18 in Unarmed Combat
 10339 | Lair:3   | Found a gate leading to a gauntlet.
 10342 | Gauntlet | Entered a Gauntlet
 10342 | Gauntlet | Found a transporter.
 10342 | Gauntlet | Found a runed translucent door.
 10342 | Gauntlet | Found a runed translucent door.
 10349 | Gauntlet | Found a transporter.
 10361 | Gauntlet | Found a transporter.
 10365 | Gauntlet | Found a transporter.
 10372 | Gauntlet | Found a runed translucent door.
 10374 | Gauntlet | Found a transporter.
 10377 | Gauntlet | Found a transporter.
 10381 | Gauntlet | Noticed a dire elephant
 10385 | Gauntlet | Found a transporter.
 10401 | Gauntlet | Found a transporter.
 10415 | Gauntlet | Found a transporter.
 10419 | Gauntlet | Found a transporter.
 10427 | Gauntlet | Found a transporter.
 10431 | Gauntlet | Found a transporter.
 10499 | Gauntlet | Reached skill level 8 in Fighting
 10614 | Gauntlet | Killed a dire elephant
 10678 | Gauntlet | Found the +1 robe of Vines {NoPotionHeal Regen++++}
 10678 | Gauntlet | Noticed a minotaur
 10684 | Gauntlet | Killed a minotaur
 10689 | Gauntlet | Identified the +3 leather armour "Yduim" {Harm *Slow rF-
                  | Str+8}
 10690 | Gauntlet | Got the Papyrus of Composition
 11076 | Lair:3   | Found a staircase to the Snake Pit.
 11732 | Lair:4   | Reached skill level 9 in Fighting
 11828 | Lair:4   | Reached skill level 19 in Unarmed Combat
 12352 | Lair:4   | Found a viscous altar of Jiyva.
 12352 | Lair:4   | Found a staircase to the Slime Pits.
 12480 | Lair:5   | Entered Level 5 of the Lair of Beasts
 12654 | Lair:5   | Reached XP level 14. HP: 141/141 MP: 18/18
 12730 | Lair:5   | Reached skill level 10 in Fighting
 12730 | Lair:5   | Reached skill level 8 in Invocations
 13086 | Lair:5   | Reached skill level 9 in Invocations
 13714 | Orc:1    | Entered Level 1 of the Orcish Mines
 13721 | Orc:1    | Noticed an orc warlord
 13750 | Orc:1    | Killed an orc warlord
 14295 | Orc:2    | Entered Level 2 of the Orcish Mines
 14321 | Orc:2    | Found a staircase to the Elven Halls.
 14395 | Orc:2    | Found a flickering gateway to a bazaar.
 14403 | Bazaar   | Entered a bazaar
 14403 | Bazaar   | Found Oxauty's Book Emporium.
 14403 | Bazaar   | Found Guypno's Weapon Shoppe.
 14403 | Bazaar   | Found Zeliriq's Distillery.
 14406 | Bazaar   | Found Ruiwalik's Antique Weapon Shoppe.
 14422 | Bazaar   | Bought a potion of heal wounds for 55 gold pieces
 14422 | Bazaar   | Bought a potion of heal wounds for 55 gold pieces
 14422 | Bazaar   | Bought a potion of heal wounds for 55 gold pieces
 14422 | Bazaar   | Bought a potion of heal wounds for 55 gold pieces
 14422 | Bazaar   | Bought a potion of haste for 110 gold pieces
 14422 | Bazaar   | Bought a potion of berserk rage for 55 gold pieces
 14422 | Bazaar   | Bought a potion of curing for 33 gold pieces
 14422 | Bazaar   | Bought a potion of curing for 33 gold pieces
 14465 | Orc:2    | Reached skill level 11 in Fighting
 14656 | Orc:2    | Reached skill level 20 in Unarmed Combat
 14698 | Orc:2    | Found Ymeo's Weapon Boutique.
 14698 | Orc:2    | Found Baujij's General Store.
 14708 | Orc:2    | Found Ugaor's Distillery.
 14708 | Orc:2    | Found Ligonoq's Jewellery Emporium.
 14719 | Orc:2    | Bought a scroll of acquirement for 572 gold pieces
 14719 | Orc:2    | Acquired the +1 kite shield "Renguuga" {Regen+}
 14729 | Orc:2    | Bought a potion of might for 56 gold pieces
 14729 | Orc:2    | Bought a potion of heal wounds for 70 gold pieces
 14729 | Orc:2    | Bought a potion of curing for 42 gold pieces
 14736 | Orc:2    | Bought a potion of heal wounds for 55 gold pieces
 15225 | D:10     | Identified the ring of Jasaan {rN+ Str-3 Int+6 Stlth+}
 15379 | D:10     | Identified the +1 cloak "Zokkatul" {Rampage Will- Dex+3}
 15723 | D:11     | Noticed Urug
 15731 | D:11     | Killed Urug
 15732 | D:11     | Reached skill level 2 in Stealth
 15741 | D:11     | Reached XP level 15. HP: 153/154 MP: 21/21
 15766 | D:11     | Identified the +7 scimitar "Feha Igy" {protect, rF+ rN+}
 16016 | D:11     | Found a faded altar of an unknown god.
 16017 | D:11     | Found a hazy altar of Hepliaklqana.
 16031 | D:11     | Found a faded altar of an unknown god.
 16201 | D:11     | Found a portal to a secret trove of treasure.
 16377 | D:11     | You paid a toll of 5 scrolls of fear to enter a treasure
                  | trove
 16378 | Trove    | Entered a treasure trove
 16385 | Trove    | Found the +1 cloak of Starlight {*Dazzle EV+4 Stlth--}
 16385 | Trove    | Found the +4 robe of Folly {Brill Will-∞ Int+8}
 16386 | Trove    | Identified the +1 gold dragon scales of Blue Skies {rPois
                  | rF+ rC+ Dex+3 Slay+2}
 16388 | Trove    | Identified the +1 cloak of the Orb {Int+7}
 16395 | Trove    | Identified the +2 robe of Trumpets {Dex+3 Slay+2}
 16396 | Trove    | Identified the +1 robe of Instinct {Rampage Dex+2}
 16400 | Trove    | Identified the +1 hat "Muonetsu" {Harm +Blink Will++ Str+3}
 16412 | Trove    | Identified the +1 robe of Proximity {Rampage}
 16414 | Trove    | Identified the +3 hat of Altruism {rF- Int+4 Dex+7 Stlth+}
 16417 | Trove    | Identified the +1 hat "Hineigg" {rC+ Int+2}
 16421 | Trove    | Identified the +1 hat of Rut Foir {Int+9 Stlth+}
 16425 | Trove    | Identified the +1 robe of Jesmapn {rF++ Str+3}
 16561 | D:12     | Reached skill level 1 in Shields
 16567 | D:12     | Reached skill level 1 in Armour
 16877 | D:12     | Reached skill level 2 in Shields
 17266 | D:13     | Reached skill level 2 in Armour
 17455 | D:13     | Reached skill level 3 in Shields
 17648 | D:13     | Reached skill level 3 in Armour
 18071 | D:14     | Found a frozen archway.
 18082 | IceCv    | Entered an ice cave
 18128 | IceCv    | Reached skill level 4 in Shields
 18199 | IceCv    | Reached skill level 4 in Armour
 18257 | IceCv    | Identified the +4 halberd of Wyfas {flame, rPois Will+}
 18267 | IceCv    | Reached skill level 5 in Shields
 18334 | IceCv    | Identified a +2 leather armour of resistance
 18374 | IceCv    | Reached skill level 5 in Armour
 18750 | D:14     | Reached skill level 6 in Shields
 18844 | D:14     | Found a gate to the Vaults.
 18950 | D:14     | Reached skill level 6 in Armour
 19010 | D:14     | Found a huge runed gate.
 19011 | D:14     | Found a huge runed gate.
 19012 | D:14     | Found a huge runed gate.
 19012 | D:14     | Found a huge runed gate.
 19012 | D:14     | Found a huge runed gate.
 19013 | D:14     | Found a huge runed gate.
 19013 | D:14     | Found a huge runed gate.
 19013 | D:14     | Found a huge runed gate.
 19013 | D:14     | Found a huge runed gate.
 19014 | D:14     | Found a huge runed gate.
 19015 | D:14     | Found a huge runed gate.
 19016 | D:14     | Found a huge runed gate.
 19017 | D:14     | Found a huge runed gate.
 19019 | D:14     | Found a huge runed gate.
 19030 | D:14     | Found a huge runed gate.
 19030 | D:14     | Found a huge runed gate.
 19030 | D:14     | Found a huge runed gate.
 19030 | D:14     | Found a huge runed gate.
 19030 | D:14     | Found a huge runed gate.
 19030 | D:14     | Found a huge runed gate.
 19031 | D:14     | Found a huge runed gate.
 19032 | D:14     | Found a huge runed gate.
 19033 | D:14     | Found a huge runed gate.
 19113 | D:14     | Found a huge runed gate.
 19113 | D:14     | Found a huge runed gate.
 19113 | D:14     | Found a huge runed gate.
 19114 | D:14     | Found a huge runed gate.
 19115 | D:14     | Found a huge runed gate.
 19116 | D:14     | Found a huge runed gate.
 19117 | D:14     | Found a huge runed gate.
 19118 | D:14     | Found a huge runed gate.
 19119 | D:14     | Found a huge runed gate.
 19127 | D:14     | Found a huge runed gate.
 19127 | D:14     | Found a huge runed gate.
 19127 | D:14     | Found a huge runed gate.
 19127 | D:14     | Found a huge runed gate.
 19413 | D:14     | Found an iron altar of Okawaru.
 19447 | D:14     | Noticed Hofrengagg's ghost (journeyman FeSu)
 19448 | D:14     | Noticed a sphinx
 19448 | D:14     | Noticed a sphinx
 19448 | D:14     | Noticed browni3141's ghost (journeyman TeHW)
 19448 | D:14     | Noticed Wopp's ghost (journeyman GrEE)
 19448 | D:14     | Noticed Wociock's ghost (journeyman DgHW)
 19449 | D:14     | Noticed Plog's ghost (journeyman DECj)
 19449 | D:14     | Noticed Wopp's ghost (journeyman GrEE)
 19492 | D:14     | Killed a sphinx
 19496 | D:14     | Reached skill level 7 in Shields
 19502 | D:14     | Killed Wopp's ghost
 19512 | D:14     | Killed Wopp's ghost
 19521 | D:14     | Reached XP level 16. HP: 145/162 MP: 22/22
 19523 | D:14     | Killed Wociock's ghost
 19528 | D:14     | Killed a sphinx
 19542 | D:14     | Killed browni3141's ghost
 19546 | D:14     | Killed Hofrengagg's ghost
 19547 | D:14     | Reached skill level 7 in Armour
 19549 | D:14     | Killed Plog's ghost
 19575 | D:14     | Identified the +4 halberd "Eceku" {heavy, Str+4 Int+3}
 19634 | D:15     | Entered Level 15 of the Dungeon
 19695 | D:15     | Found a staircase to the Depths.
 19758 | D:15     | Reached skill level 8 in Shields
 20163 | D:15     | Found a white marble altar of Elyvilon.
 20455 | Snake:1  | Entered Level 1 of the Snake Pit
 20552 | Snake:1  | Reached skill level 8 in Armour
 20593 | Snake:1  | Found Himemaq's Book Shop.
 20593 | Snake:1  | Found Berinito's Assorted Antiques.
 20594 | Snake:1  | Found Xuravyiwn's Assorted Antiques.
 20598 | Snake:1  | Bought a scroll of magic mapping for 187 gold pieces
 20598 | Snake:1  | Found Fufoetomm's Distillery.
 20628 | Snake:1  | Bought a potion of might for 60 gold pieces
 20628 | Snake:1  | Bought a potion of heal wounds for 75 gold pieces
 20628 | Snake:1  | Bought a potion of might for 60 gold pieces
 20628 | Snake:1  | Bought 2 potions of haste for 300 gold pieces
 20631 | Snake:1  | Bought a potion of heal wounds for 130 gold pieces
 20631 | Snake:1  | Bought a potion of heal wounds for 130 gold pieces
 20631 | Snake:1  | Bought a warped lapis lazuli ring for 130 gold pieces
 20631 | Snake:1  | Identified the ring of Yleed {Fire Fly Will+++} (You bought
                  | it in a shop on level 1 of the Snake Pit)
 20655 | Snake:1  | Reached skill level 9 in Shields
 20796 | Snake:1  | Reached skill level 9 in Armour
 20956 | Snake:1  | Identified the +4 shortbow "Worm" {freeze, rElec rF+}
 20978 | Snake:1  | Noticed Frances
 20991 | Snake:1  | Killed Frances
 21019 | Snake:1  | You are sucked into a shaft and drop 1 floor!
 21033 | Snake:2  | Found a radiant altar of Vehumet.
 21239 | Snake:2  | Reached skill level 10 in Armour
 21374 | Snake:2  | Found Lidu's General Store.
 21396 | Snake:2  | Bought a scroll of teleportation for 42 gold pieces
 21396 | Snake:2  | Bought a scroll of teleportation for 42 gold pieces
 21848 | Snake:3  | Found Umnadebb's Armour Boutique.
 21852 | Snake:3  | Noticed Saint Roka
 21880 | Snake:3  | Killed Saint Roka
 21959 | Snake:3  | Reached XP level 17. HP: 170/170 MP: 23/23
 22028 | Snake:3  | Reached skill level 11 in Armour
 22319 | Snake:3  | Found Bytedgh's Antique Weapon Shoppe.
 22329 | Snake:3  | Found Ominuset's Distillery.
 22337 | Snake:3  | Bought a potion of might for 72 gold pieces
 22415 | Snake:3  | Found Pirang's Distillery.
 22444 | Snake:3  | Bought a potion of heal wounds for 80 gold pieces
 22444 | Snake:3  | Bought a potion of curing for 48 gold pieces
 22444 | Snake:3  | Bought a potion of curing for 48 gold pieces
 22444 | Snake:3  | Bought 2 potions of curing for 96 gold pieces
 22813 | Snake:4  | Entered Level 4 of the Snake Pit
 22995 | Snake:4  | Reached skill level 12 in Armour
 23223 | Snake:4  | Reached skill level 12 in Fighting
 23783 | Snake:4  | Got a serpentine rune of Zot
 23861 | Snake:4  | Reached skill level 13 in Armour
 24335 | Vaults:1 | Entered Level 1 of the Vaults
 24421 | Vaults:1 | Reached skill level 13 in Fighting
 24438 | Vaults:1 | Reached XP level 18. HP: 185/185 MP: 24/24
 24966 | Vaults:1 | Reached skill level 14 in Armour
 25199 | Vaults:1 | Reached skill level 14 in Fighting
 26389 | Vaults:2 | Reached skill level 15 in Armour
 26409 | Vaults:2 | Reached XP level 19. HP: 91/200 MP: 25/25
 26514 | Vaults:2 | Reached skill level 15 in Fighting
 27162 | Vaults:3 | Noticed Boris
 27176 | Vaults:3 | Killed Boris
 27255 | Vaults:3 | Found a staircase to the Crypt.
 27255 | Vaults:3 | Found a basalt altar of Yredelemnul.
 27256 | Vaults:3 | Found an ancient bone altar of Kikubaaqudgha.
 27403 | Vaults:3 | Identified the amulet of Discord {Spirit rPois Dex+5}
 27578 | Vaults:3 | Reached skill level 16 in Armour
 27680 | Vaults:3 | Found a runed translucent gate.
 27680 | Vaults:3 | Found a runed translucent gate.
 27680 | Vaults:3 | Found a runed translucent gate.
 27680 | Vaults:3 | Noticed cheesebisquit's ghost (adept GrEE)
 27680 | Vaults:3 | Noticed Kevimi's ghost (adept FeNe)
 27680 | Vaults:3 | Noticed Rinoumap's ghost (adept TrCK)
 27680 | Vaults:3 | Noticed Qeunemit's ghost (adept GrFi)
 27680 | Vaults:3 | Noticed jlumianski's ghost (adept DsFi)
 27840 | Vaults:3 | Reached skill level 16 in Fighting
 28070 | Vaults:3 | Found Igyuzaegh's Antique Armour Shop.
 28728 | Vaults:4 | Noticed Boris
 28743 | Vaults:4 | Killed Boris
 28815 | Vaults:4 | Identified the +3 arbalest "Koataoke" {penet, Str+2}
 28819 | Vaults:4 | Identified the +10 arbalest "Hir Bygoe" {freeze, rF+ Int+5}
 28845 | Vaults:4 | Reached XP level 20. HP: 195/215 MP: 26/26
 29561 | Shoals:1 | Entered Level 1 of the Shoals
 29587 | Shoals:1 | Reached skill level 17 in Fighting
 30123 | Shoals:1 | Found a runed translucent door.
 30945 | Shoals:2 | Reached skill level 21 in Unarmed Combat
 31254 | Shoals:2 | Identified the +3 war axe "Vept" {freeze, Int+3}
 32282 | Shoals:4 | Entered Level 4 of the Shoals
 32297 | Shoals:4 | Identified a +2 robe of the Archmagi
 32348 | Shoals:4 | Noticed Ilsuiw
 32470 | Shoals:4 | Reached skill level 18 in Fighting
 32474 | Shoals:4 | Reached XP level 21. HP: 190/230 MP: 27/27
 32478 | Shoals:4 | Identified the ring of Hunuocw {rF+ rC+ rCorr}
 32510 | Shoals:4 | Killed Ilsuiw
 32755 | Shoals:4 | Reached skill level 22 in Unarmed Combat
 32912 | Shoals:4 | Identified the +11 mace "Xoxaez Qio" {vamp, rN+ MP-9 Dex+6}
 33014 | Shoals:4 | Identified the ring "Gojink" {rC+ Will+}
 33230 | Shoals:4 | Got a barnacled rune of Zot
 33601 | Elf:1    | Entered Level 1 of the Elven Halls
 33646 | Elf:1    | Noticed Jorgrun
 33658 | Elf:1    | Killed Jorgrun
 33702 | Elf:1    | Identified a potion of experience
 33710 | Elf:1    | Noticed Donald
 33729 | Elf:1    | Killed Donald
 33836 | Elf:1    | Reached XP level 22. HP: 241/241 MP: 28/28
 33874 | Elf:1    | Got Lom Lobon's Vademecum on the Discharge
 33900 | Elf:1    | Found Oqithry's Jewellery Shop.
 34618 | Elf:2    | Found a runed translucent gate.
 34619 | Elf:2    | Found a runed translucent gate.
 34619 | Elf:2    | Found a runed translucent gate.
 34622 | Elf:2    | Reached skill level 23 in Unarmed Combat
 34891 | Elf:3    | Entered Level 3 of the Elven Halls
 34907 | Elf:3    | Reached skill level 19 in Fighting
 35003 | Elf:3    | Noticed Tuny's ghost (adept SpEn)
 35005 | Elf:3    | Found a runed translucent gate.
 35005 | Elf:3    | Found a runed translucent gate.
 35006 | Elf:3    | Found a runed translucent gate.
 35279 | Elf:3    | Identified the +1 sling of Integrity {antimagic, rF+ rC+
                  | Str+5}
 35575 | Elf:3    | Killed Tuny's ghost
 35614 | Elf:3    | Found Gocid's Armour Shoppe.
 35614 | Elf:3    | Found Izaed's General Store.
 35618 | Elf:3    | Found Wofruj's Antique Weapon Shoppe.
 35661 | Elf:3    | Bought a potion of heal wounds for 90 gold pieces
 36005 | Elf:3    | Identified the ring of Beogh's Benevolence {+Blink rN+
                  | Will- Dex+2 SInv}
 36032 | Elf:3    | Identified the ring "Reirroc" {rC+ Str+4}
 36045 | Elf:3    | Reached XP level 23. HP: 208/252 MP: 29/29
 36089 | Elf:3    | Got Sif Muna's Directory of the Retinue and the Singularity
 36105 | Elf:3    | Identified the amulet "Buiq Poi" {Reflect rPois SH+5}
 36115 | Elf:3    | Identified the +0 pair of boots "Jozelaesh" {rN+}
 36122 | Elf:3    | Identified the ring of Siebui {rC+ Will++ Int-4}
 36149 | Elf:3    | Got Ybupacabush's Quarto of Luminous Pyromania
 36179 | Elf:3    | Identified the ring of Ziwedgh {Fire *Slow rPois Str+6
                  | Dex+2}
 36270 | Elf:3    | Found Iligyxtu's Armour Shop.
 36505 | Depths:1 | Entered Level 1 of the Depths
 36575 | Depths:1 | Found Raddog's Antique Weapon Emporium.
 36661 | Depths:1 | Found a one-way gate leading to the halls of Pandemonium.
 36869 | Depths:1 | Found the +3 giant club "Skullcrusher" {speed, Str+7}
 36896 | Depths:1 | Noticed a shard shrike
 36898 | Depths:1 | Noticed a shard shrike
 36898 | Depths:1 | Noticed a shard shrike
 36912 | Depths:1 | Killed a shard shrike
 36923 | Depths:1 | Killed a shard shrike
 36930 | Depths:1 | Killed a shard shrike
 37156 | Depths:1 | Noticed Sojobo
 37171 | Depths:1 | Killed Sojobo
 37172 | Depths:1 | Reached skill level 24 in Unarmed Combat
 37209 | Depths:1 | Found a gateway to Hell.
 37271 | Depths:1 | Found a one-way gate to the infinite horrors of the Abyss.
 37718 | Depths:2 | Noticed Grunn
 37727 | Depths:2 | Killed Grunn
 37729 | Depths:2 | Reached skill level 20 in Fighting
 38197 | Depths:2 | Paralysed by a floating eye for 2 turns
 38220 | Depths:2 | Noticed a juggernaut
 38230 | Depths:2 | Killed a juggernaut
 38453 | Depths:2 | Found a radiant altar of Vehumet.
 38494 | Depths:2 | You are sucked into a shaft and drop 2 floors!
 38494 | Depths:4 | Entered Level 4 of the Depths
 38605 | Depths:3 | Noticed Boris
 38622 | Depths:3 | Killed Boris
 38643 | Depths:3 | Found a flickering gateway to a bazaar.
 38648 | Bazaar   | Entered a bazaar
 38656 | Bazaar   | Found Eckoret's Jewellery Shop.
 38670 | Bazaar   | Found Ovi Hous's Book Shop.
 38678 | Bazaar   | Bought a manual of Dodging for 960 gold pieces
 38718 | Depths:3 | Found a one-way gateway to a ziggurat.
 38755 | Depths:3 | Reached skill level 6 in Dodging
 39229 | Depths:3 | Reached skill level 7 in Dodging
 40169 | Crypt:1  | Entered Level 1 of the Crypt
 40206 | Crypt:1  | Reached XP level 24. HP: 267/267 MP: 29/29
 40206 | Crypt:1  | Noticed Frederick
 40227 | Crypt:1  | Killed Frederick
 40228 | Crypt:1  | Reached skill level 25 in Unarmed Combat
 40267 | Crypt:1  | Reached skill level 8 in Dodging
 41034 | Crypt:2  | Reached skill level 9 in Dodging
 41042 | Crypt:2  | Reached skill level 21 in Fighting
 41096 | Crypt:2  | Identified the ring "Acwait" {Ice rN+ Int+2}
 41096 | Crypt:2  | Noticed Josephina
 41124 | Crypt:2  | Killed Josephina
 41811 | Crypt:3  | Entered Level 3 of the Crypt
 41816 | Crypt:3  | Noticed a curse skull
 41821 | Crypt:3  | Killed a curse skull
 41904 | Crypt:3  | Noticed Boris
 41916 | Crypt:3  | Killed Boris
 41917 | Crypt:3  | Reached skill level 10 in Dodging
 42186 | Crypt:3  | Found a staircase to the Tomb.
 42678 | Crypt:3  | Found a basalt altar of Yredelemnul.
 42750 | Crypt:3  | Noticed a royal mummy
 42763 | Crypt:3  | Killed a royal mummy
 42921 | Crypt:3  | Reached skill level 11 in Dodging
 43239 | Crypt:3  | Got Borgnjor's Enchiridion on Mortification
 43572 | Vaults:5 | Entered Level 5 of the Vaults
 43736 | Vaults:5 | Reached skill level 12 in Dodging
 43817 | Vaults:5 | Reached skill level 26 in Unarmed Combat
 43843 | Vaults:5 | Reached XP level 25. HP: 280/280 MP: 29/29
 44023 | Vaults:5 | Reached skill level 13 in Dodging
 44044 | Vaults:5 | Identified the +6 rapier "Ocvafral" {vamp, rElec rN+}
 44044 | Vaults:5 | Identified the ring "Qopapi" {+Blink Will+ SInv}
 44053 | Vaults:5 | Noticed a dread lich
 44081 | Vaults:5 | Reached skill level 22 in Fighting
 44081 | Vaults:5 | Killed a dread lich
 44528 | Vaults:5 | Identified the +6 broad axe of Thoughtfulness {chaos, rC+}
 44768 | Vaults:5 | Found Bixaijec's Antique Armour Boutique.
 44776 | Vaults:5 | Found Nozxannaq's Antique Armour Shoppe.
 45179 | Vaults:5 | Got a silver rune of Zot
 45579 | Slime:1  | Entered Level 1 of the Pits of Slime
 45717 | Slime:1  | Gained mutation: You are weak. (Str -2) [a shining eye]
 45726 | Slime:1  | Gained mutation: Armour fits poorly on your strangely
                  | shaped body. [a shining eye]
 45729 | Slime:1  | Gained mutation: Your mind is acute. (Int +4, Str/Dex -1)
                  | [a shining eye]
 45768 | Slime:1  | Lost mutation: Your mind is acute. (Int +4, Str/Dex -1)
                  | [potion of mutation]
 45768 | Slime:1  | Lost mutation: You are weak. (Str -2) [potion of mutation]
 45768 | Slime:1  | Lost mutation: Armour fits poorly on your strangely shaped
                  | body. [potion of mutation]
 45768 | Slime:1  | Gained mutation: Your system is resistant to poisons.
                  | (rPois) [potion of mutation]
 45809 | Slime:2  | Reached skill level 27 in Unarmed Combat
 45983 | Slime:4  | Reached skill level 17 in Armour
 46129 | Slime:4  | Paralysed by a floating eye for 3 turns
 46182 | Slime:5  | Entered Level 5 of the Pits of Slime
 46194 | Slime:5  | Reached skill level 23 in Fighting
 46213 | Slime:5  | Gained mutation: Your body sometimes deteriorates upon
                  | taking damage. [a shining eye]
 46216 | Slime:5  | Lost mutation: Your system is resistant to poisons. (rPois)
                  | [a shining eye]
 46232 | Slime:4  | Lost mutation: Your body sometimes deteriorates upon taking
                  | damage. [potion of mutation]
 46232 | Slime:4  | Gained mutation: You are frail. (-10% HP) [potion of
                  | mutation]
 46233 | Slime:4  | Lost mutation: You are frail. (-10% HP) [potion of
                  | mutation]
 46233 | Slime:4  | Gained mutation: You are partially covered in iridescent
                  | scales. (AC +2) [potion of mutation]
 46233 | Slime:4  | Gained mutation: You have hidden genetic potential. [potion
                  | of mutation]
 46235 | Slime:5  | Gained mutation: Your magical capacity is low. (-10% MP) [a
                  | shining eye]
 46256 | Slime:5  | Noticed the Royal Jelly
 46260 | Slime:5  | Found a viscous altar of Jiyva.
 46268 | Slime:5  | Reached XP level 26. HP: 247/296 MP: 26/26
 46277 | Slime:5  | Killed the Royal Jelly
 46367 | Slime:5  | Identified the ring of Spite {rF+ AC+4}
 46402 | Slime:5  | Identified the +2 cloak of Sevusei {Dex+2}
 46436 | Slime:5  | Got a slimy rune of Zot
 47045 | Depths:4 | Found a gate to the Realm of Zot.
 47083 | Depths:4 | Reached skill level 18 in Armour
 47801 | Zot:1    | Entered Level 1 of the Realm of Zot
 47921 | Zot:1    | Acquired 845 gold pieces
 48726 | Zot:1    | Reached skill level 24 in Fighting
 48804 | Zot:1    | Found a runed translucent door.
 48804 | Zot:1    | Noticed Voulohy's ghost (veteran TrCK)
 48824 | Zot:1    | Killed Voulohy's ghost
 48939 | Zot:1    | Reached skill level 19 in Armour
 49263 | Zot:2    | Found a transporter.
 49280 | Zot:2    | Noticed a curse toe
 49281 | Zot:2    | Found a transporter.
 49561 | Zot:2    | Killed a curse toe
 49567 | Zot:2    | Gained mutation: You are mostly covered in iridescent
                  | scales. (AC +4) [hidden potential]
 49578 | Zot:2    | Identified the ring "Jezxiega" {rElec rN+ Will++ Str-3
                  | Stlth+}
 49743 | Zot:3    | Reached XP level 27. HP: 281/312 MP: 26/26
 50638 | Zot:4    | Found a transporter.
 50638 | Zot:4    | Found a transporter.
 50652 | Zot:4    | Noticed a curse toe
 50666 | Zot:4    | Killed a curse toe
 50701 | Zot:4    | Noticed an electric golem
 50707 | Zot:4    | Killed an electric golem
 50865 | Zot:4    | Reached skill level 20 in Armour
 50985 | Zot:4    | Reached skill level 25 in Fighting
 51205 | Zot:5    | Entered Level 5 of the Realm of Zot
 51731 | Zot:5    | Noticed an ancient lich
 51735 | Zot:5    | Noticed an orb of fire
 51737 | Zot:5    | Gained mutation: Potions are less effective at restoring
                  | your health. [an orb of fire]
 51741 | Zot:5    | Killed an orb of fire
 51744 | Zot:5    | Killed an ancient lich
 51748 | Zot:5    | Noticed an orb of fire
 51755 | Zot:5    | Noticed an ancient lich
 51765 | Zot:5    | Gained mutation: Your body sometimes deteriorates upon
                  | taking damage. [an orb of fire]
 51766 | Zot:5    | Killed an orb of fire
 51777 | Zot:5    | Killed an ancient lich
 51837 | Zot:5    | Reached skill level 21 in Armour
 51856 | Zot:5    | Gained mutation: You have a pair of small horns on your
                  | head. [hidden potential]
 51856 | Zot:5    | Lost mutation: You have hidden genetic potential. [hidden
                  | potential expressed]
 51869 | Zot:4    | Lost mutation: You have a pair of small horns on your head.
                  | [potion of mutation]
 51869 | Zot:4    | Lost mutation: Your body sometimes deteriorates upon taking
                  | damage. [potion of mutation]
 51869 | Zot:4    | Lost mutation: You are mostly covered in iridescent scales.
                  | (AC +4) [potion of mutation]
 51869 | Zot:4    | Gained mutation: You are vulnerable to cold. (rC-) [potion
                  | of mutation]
 51869 | Zot:4    | Gained mutation: You are mostly covered in iridescent
                  | scales. (AC +4) [potion of mutation]
 51870 | Zot:4    | Lost mutation: You are vulnerable to cold. (rC-) [potion of
                  | mutation]
 51870 | Zot:4    | Lost mutation: You are mostly covered in iridescent scales.
                  | (AC +4) [potion of mutation]
 51870 | Zot:4    | Lost mutation: Your magical capacity is low. (-10% MP)
                  | [potion of mutation]
 51870 | Zot:4    | Gained mutation: You have a pair of small horns on your
                  | head. [potion of mutation]
 51870 | Zot:4    | Gained mutation: You are frail. (-10% HP) [potion of
                  | mutation]
 51871 | Zot:4    | Lost mutation: You have a pair of small horns on your head.
                  | [potion of mutation]
 51871 | Zot:4    | Lost mutation: Potions are less effective at restoring your
                  | health. [potion of mutation]
 51871 | Zot:4    | Lost mutation: You are frail. (-10% HP) [potion of
                  | mutation]
 51871 | Zot:4    | Gained mutation: You occasionally lose the ability to read
                  | scrolls when taking damage. [potion of mutation]
 51871 | Zot:4    | Gained mutation: Armour fits poorly on your strangely
                  | shaped body. [potion of mutation]
 51871 | Zot:4    | Gained mutation: Your magical capacity is low. (-10% MP)
                  | [potion of mutation]
 51872 | Zot:4    | Lost mutation: Armour fits poorly on your strangely shaped
                  | body. [potion of mutation]
 51872 | Zot:4    | Lost mutation: You are partially covered in iridescent
                  | scales. (AC +2) [potion of mutation]
 51872 | Zot:4    | Lost mutation: You occasionally lose the ability to read
                  | scrolls when taking damage. [potion of mutation]
 51872 | Zot:4    | Gained mutation: Your body sometimes deteriorates upon
                  | taking damage. [potion of mutation]
 51872 | Zot:4    | Gained mutation: Armour fits poorly on your strangely
                  | shaped body. [potion of mutation]
 51873 | Zot:4    | Lost mutation: Armour fits poorly on your strangely shaped
                  | body. [potion of mutation]
 51873 | Zot:4    | Lost mutation: Your body sometimes deteriorates upon taking
                  | damage. [potion of mutation]
 51873 | Zot:4    | Gained mutation: You are partially covered in iridescent
                  | scales. (AC +2) [potion of mutation]
 52123 | Zot:5    | Noticed an electric golem
 52237 | Zot:5    | Noticed an electric golem
 52256 | Zot:5    | Killed an electric golem
 52377 | Zot:5    | Got the Orb of Zot
 52669 | Depths:3 | Noticed Ribiu the pandemonium lord
 52848 | D:9      | Noticed Lovuegiv the pandemonium lord
 52887 | D:8      | Reached skill level 26 in Fighting
 52984 | D:3      | Noticed Eguullaf the pandemonium lord
 53041 | D:$      | Escaped with the Orb!

Vanquished Creatures
  the Royal Jelly (Slime:5)
  2 ancient liches (Zot:5)
  2 orbs of fire (Zot:5)
  A juggernaut (Depths:2)
  The ghost of Voulohy the Wrestler, a veteran TrCK of Xom (Zot:1)
  A royal mummy (Crypt:3)
  Josephina (Crypt:2)
  Sojobo (Depths:1)
  Saint Roka (Snake:3)
  Boris (4 times) (Vaults:3 Vaults:4 Depths:3 Crypt:3)
  9 Killer Klowns (Zot:5)
  Frederick (Crypt:1)
  3 shard shrikes (Depths:1)
  2 curse toes
  13 golden dragons
  3 doom hounds (Depths:2)
  A bone dragon (Depths:4)
  2 electric golems
  Jorgrun (Elf:1)
  27 tentacled monstrosities
  27 Orb Guardians
  7 quicksilver dragons
  A deep elf blademaster (Elf:3)
  Gastronok (Lair:2)
  A deep elf master archer (Elf:3)
  2 Executioners
  3 krakens
  The ghost of Tuny the Imperceptible, an adept SpEn of Gozag (Elf:3)
  16 acid blobs
  11 death cobs
  9 titans
  Grunn (Depths:2)
  Frances (Snake:1)
  An ancient champion (Crypt:3)
  11 sphinxes
  9 storm dragons
  Ilsuiw (Shoals:4)
  5 tengu reavers
  3 nagarajas (Snake:4)
  15 shadow dragons
  16 rockslimes
  Donald (Elf:1)
  5 draconian monks
  5 revenants
  6 draconian knights
  9 fire giants
  10 frost giants
  A daeva (Depths:3)
  2 iron dragons
  6 azure jellies
  16 vault wardens
  6 ghost moths
  11 deep elf sorcerers
  2 draconian shifters
  3 deep elf elementalists (Elf:3)
  A curse skull (Crypt:3)
  9 draconian scorchers
  An angel (Depths:3)
  4 draconian stormcallers
  10 ghouls
  A cacodemon (D:7)
  24 ironbound preservers
  A demonspawn corrupter (D:8)
  4 orc warlords
  20 quicksilver oozes
  The ghost of browni3141 the Devastator, a journeyman TeHW of Uskayaw (D:14)
  A broodmother (shapeshifter) (Depths:2)
  3 draconian annihilators
  A reaper (Depths:1)
  33 very ugly things
  8 ironbound thunderhulks
  13 stone giants
  3 war gargoyles
  7 vampire knights
  2 eleionomae (Shoals:2)
  A spark wasp (shapeshifter) (Vaults:5)
  7 deep elf demonologists
  10 deep elf annihilators
  A wendigo (Depths:1)
  19 dire elephants
  7 green draconians
  2 spark wasps (Depths:1)
  13 red draconians
  The ghost of Wopp the Geomancer, a journeyman GrEE of Ashenzari (D:14)
  The ghost of Wopp the Geomancer, a journeyman GrEE of Ashenzari (D:14)
  12 black draconians
  The ghost of Wociock the Destroyer, a journeyman DgHW (D:14)
  19 white draconians
  11 yellow draconians
  A minotaur (Gauntlet)
  10 purple draconians
  The ghost of Pooter the Cleaver, a journeyman MiBe of Trog (Lair:2)
  2 blizzard demons (IceCv)
  A crystal guardian (Vaults:1)
  The ghost of Hofrengagg the Convoker, a journeyman FeSu of Gozag (D:14)
  3 eidola
  2 green deaths
  8 jiangshi
  5 merfolk javelineers (Shoals:4)
  9 ettins
  6 fire dragons
  11 deep elf death magi
  An entropy weaver (Vaults:3)
  13 merfolk impalers
  6 mummy priests (Crypt:3)
  16 yaktaur captains
  The ghost of Plog the Thaumaturge, a journeyman DECj of Dithmenos (D:14)
  16 great orbs of eyes
  3 deep elf high priests
  2 rakshasas
  5 ice dragons
  A spriggan zombie (Crypt:1)
  2 hydras
  39 vault guards
  5 salamander tyrants
  2 ogre magi
  9 centaur warriors
  9 ironbound frosthearts
  3 peacekeepers
  3 spriggan air magi
  A death knight (Crypt:1)
  The ghost of Chaicat the Nimble, a novice TrFi of Nemelex Xobeh (D:8)
  3 boulder beetles
  2 two-headed ogres
  3 catoblepae (Lair:5)
  2 merfolk avatars
  10 merfolk aquamancers
  5 anacondas
  22 dancing weapons
  5 satyrs
  5 deep troll shamans
  3 alligator snapping turtles
  2 tengu warriors
  6 shock serpents
  4 vampire magi
  4 spriggan berserkers
  19 naga sharpshooters
  12 death yaks
  6 deep troll earth magi
  18 naga warriors
  4 hell knights
  Urug (D:11)
  4 soul eaters
  4 orc high priests (Orc:2)
  5 iron trolls
  A storm dragon zombie (Vaults:4)
  8 deep elf knights
  2 salamander mystics
  A sixfirhy (D:6)
  9 skeletal warriors
  2 shadow wraiths
  A titan skeleton (Vaults:4)
  A skyshark (shapeshifter) (Vaults:5)
  74 deep trolls
  6 skysharks
  4 flayed ghosts
  A shadow demon (Zot:1)
  8 glowing orange brains
  A golden dragon zombie (Vaults:4)
  119 slime creatures
  4 bog bodies
  6 lindwurms
  21 sea snakes
  4 deep elf archers
  21 ironbound convokers
  2 obsidian statues
  9 spriggan simulacra
  7 naga ritualists
  19 deep elf zephyrmancers
  9 wizards
  Pikel (D:5)
  2 orange crystal statues (Depths:1)
  11 phantasmal warriors
  16 mana vipers
  11 orc knights
  6 necromancers
  8 shining eyes
  30 deep elf pyromancers
  19 fauns
  27 harpies
  6 orc sorcerers
  15 manticores
  13 salamanders
  2 cyclopes (shapeshifter)
  24 ugly things
  A jorogumo zombie (Crypt:1)
  5 cyclopes
  An iron dragon skeleton (Crypt:1)
  A sphinx skeleton (Crypt:3)
  37 black mambas
  13 naga magi
  26 elephants
  33 moths of wrath
  5 guardian serpents
  A moth of wrath (shapeshifter) (Vaults:3)
  A torpor snail (Gauntlet)
  9 merfolk sirens
  16 vault sentinels
  3 eyes of devastation
  5 gargoyles
  8 cane toads
  5 water nymphs
  4 ice statues
  A smoke demon (Gauntlet)
  An eye of devastation (shapeshifter) (Vaults:5)
  A demonic crawler (D:2)
  A dire elephant skeleton (Crypt:1)
  A red draconian zombie (Crypt:2)
  4 rime drakes
  An unseen horror (D:12)
  9 komodo dragons
  An alligator snapping turtle skeleton (Crypt:2)
  A pale draconian zombie (Crypt:2)
  A death yak zombie (Crypt:3)
  Maggie (D:7)
  28 yaktaurs
  3 kobold demonologists (D:13)
  8 ice devils (IceCv)
  10 freezing wraiths
  A purple draconian zombie (Crypt:1)
  38 guardian mummies (Crypt:3)
  An efreet (D:15)
  A golden dragon simulacrum (Depths:1)
  A minotaur skeleton (Crypt:3)
  3 anaconda simulacra
  4 tengu conjurers
  A harpy zombie (Crypt:2)
  2 polar bears
  A hellwing (Depths:3)
  9 wind drakes
  A hornet (D:11)
  3 meliai (D:15)
  A harpy skeleton (Crypt:1)
  12 blink frogs
  25 merfolk
  Prince Ribbit (D:5)
  4 dream sheep
  7 trolls
  13 snapping turtles
  Grinder (D:5)
  A radroach zombie (Crypt:1)
  A dream sheep (shapeshifter) (Vaults:5)
  An ettin zombie (Crypt:2)
  A black mamba zombie (Crypt:1)
  3 vampires
  3 shadows
  4 centaur simulacra (D:10)
  14 flying skulls
  An air elemental (Elf:1)
  13 water elementals
  A spriggan (shapeshifter) (Vaults:5)
  An ice dragon skeleton (Crypt:1)
  A naga simulacrum (Crypt:2)
  8 ushabtiu (Crypt:3)
  3 dire elephant simulacra
  7 wraiths
  4 fire elementals
  3 wyverns
  18 golden eyes
  64 yaks
  A steam dragon (D:8)
  9 minotaur simulacra (IceCv)
  2 basilisks
  A redback (shapeshifter) (Vaults:5)
  4 wargs
  Menkaure (D:7)
  51 nagas
  2 redbacks
  15 vampire mosquitoes
  3 harpy simulacra
  2 large abominations (D:9)
  2 acid dragons
  12 water moccasins
  A glowing shapeshifter zombie (Vaults:4)
  2 floating eyes
  A water nymph skeleton (Crypt:3)
  A faun skeleton (Crypt:3)
  3 ice beasts
  40 orc warriors
  4 black bears
  A manticore zombie (Crypt:3)
  11 ogres
  3 alligator simulacra (IceCv)
  2 ettin simulacra (Depths:1)
  4 boggarts
  An elephant zombie (Crypt:1)
  4 wolves
  9 centaurs
  An elephant skeleton (Crypt:3)
  2 phantoms
  4 kobold brigands
  A hog skeleton (Crypt:1)
  A lemure (D:5)
  10 bullfrogs
  A komodo dragon zombie (Crypt:3)
  An earth elemental (Elf:3)
  2 gnoll sergeants (D:5)
  3 necrophages
  5 deep troll simulacra (IceCv)
  A yaktaur zombie (Crypt:1)
  2 scorpions
  An elf skeleton (Crypt:2)
  20 wights
  4 lindwurm simulacra (IceCv)
  4 killer bees (D:10)
  A howler monkey (D:5)
  A shapeshifter skeleton (Crypt:2)
  4 electric eels
  4 crimson imps (Gauntlet)
  3 centaur zombies (D:7)
  2 quasits (D:8)
  4 lava snakes (Lair:3)
  26 orc priests
  6 hounds
  2 iguanas
  6 jellies
  A bullfrog skeleton (Crypt:3)
  Jessica (D:3)
  Natasha (thrice) (D:3)
  13 human skeletons
  Ijyb (D:5)
  24 orc wizards
  6 hell rats
  A deep dwarf zombie (Crypt:3)
  A killer bee zombie (D:7)
  A tengu zombie (Crypt:1)
  15 mummies
  2 howler monkey zombies (D:7)
  16 gnolls
  8 adders
  10 white imps
  An ufetubus (D:6)
  4 worms
  3 dart slugs
  138 orcs
  7 ball pythons
  5 endoplasms
  3 giant cockroaches
  4 goblins
  3 hobgoblins
  6 jackals
  29 kobolds
  6 quokkas
  A river rat zombie (Crypt:2)
  7 bats
  5 frilled lizards
  3 goblin zombies (Ossuary)
  5 hobgoblin zombies (Ossuary)
  2 kobold zombies (Ossuary)
  An orc zombie (Crypt:2)
  11 rats
  6 tentacles
2627 creatures vanquished.

Vanquished Creatures (collateral kills)
  A vault warden (Vaults:5)
  An orc warlord (Vaults:2)
  5 hydras
  A vault guard (Vaults:5)
  A catoblepas (Lair:2)
  A satyr (Shoals:2)
  A naga warrior (Snake:4)
  A shining eye (Slime:5)
  2 fauns (Shoals:2)
  An eye of devastation (Slime:5)
  A naga mage (Snake:1)
  A cane toad (Lair:2)
  2 dream sheep (Shoals:4)
  3 blink frogs (Lair:2)
  A basilisk (Lair:2)
  2 nagas
  A hell rat (Lair:5)
26 creatures vanquished.

Vanquished Creatures (others)
  A dread lich (Vaults:5)
  A fire giant (D:15)
  A yaktaur captain (Vaults:5)
  A lindwurm (D:10)
  A manticore (D:15)
  A naga (Snake:3)
  18 fungi
  115 plants
  12 tentacles
  2 withered plants (Lair:1)
153 creatures vanquished.

Grand Total: 2806 creatures vanquished

Table legend: (Time is in decaauts)
 A = Elapsed time spent in this place.
 B = Non-inter-level travel time spent in this place.
 C = Inter-level travel time spent in this place.
 D = Time resting spent in this place.
 E = Time spent auto-exploring this place.
 F = Levels seen in this place.
 G = Mean time per level.
                   A        B        C        D        E       F      G
               +--------+--------+--------+--------+--------+-----+--------+
         Total |  50527 |  46009 |   4518 |   2515 |  30874 |  62 |  815.0 |
       Dungeon |  13690 |  11991 |   1699 |    681 |   8594 |  15 |  912.7 |
        Temple |    118 |    108 |     10 |      0 |     64 |   1 |  118.0 |
          Lair |   4769 |   4016 |    753 |    135 |   3080 |   5 |  953.8 |
        Shoals |   3758 |   3531 |    227 |     83 |   2614 |   4 |  939.5 |
     Snake Pit |   3493 |   3290 |    203 |    176 |   2068 |   4 |  873.2 |
    Slime Pits |    828 |    739 |     89 |     54 |      0 |   5 |  165.6 |
  Orcish Mines |   1169 |   1037 |    132 |      0 |    720 |   2 |  584.5 |
   Elven Halls |   2582 |   2476 |    106 |     55 |   1714 |   3 |  860.7 |
        Vaults |   6513 |   6043 |    470 |    411 |   3793 |   5 | 1302.6 |
         Crypt |   3144 |   2978 |    166 |    438 |   1807 |   3 | 1048.0 |
        Depths |   4473 |   4068 |    405 |     83 |   2965 |   4 | 1118.2 |
           Zot |   4412 |   4159 |    253 |    354 |   2561 |   5 |  882.4 |
        Bazaar |     69 |     69 |      0 |      0 |     51 |   2 |   34.5 |
         Trove |    113 |    113 |      0 |      0 |      0 |   1 |  113.0 |
       Ossuary |    350 |    350 |      0 |      0 |    281 |   1 |  350.0 |
      Ice Cave |    580 |    580 |      0 |      0 |    370 |   1 |  580.0 |
      Gauntlet |    458 |    458 |      0 |     42 |    191 |   1 |  458.0 |
               +--------+--------+--------+--------+--------+-----+--------+

Top non-repeatable levels by time:
    D:10: 1594 daAuts
 Crypt:3: 1566 daAuts
Vaults:1: 1427 daAuts
Vaults:5: 1410 daAuts
Depths:3: 1316 daAuts
   Elf:3: 1307 daAuts
Vaults:3: 1272 daAuts
Vaults:2: 1271 daAuts
Depths:1: 1253 daAuts
     D:5: 1247 daAuts
    D:14: 1163 daAuts
   Zot:1: 1132 daAuts
Vaults:4: 1131 daAuts
  Lair:3: 1129 daAuts
   Zot:5: 1110 daAuts

Table legend:
 A = Non-vault XP
 B = Vault XP
 C = Vault XP percentage of total XP
 D = Non-vault monster count
 E = Vault monster count
 F = Vault count percentage of total count
                 A         B        C        D         E       F
            +---------+---------+-------+---------+---------+-------
      Total |  828045 |  750124 |  47.5 |    1596 |    1020 |  39.0
            +---------+---------+-------+---------+---------+-------
        D:1 |      38 |       0 |   0.0 |      25 |       0 |   0.0
        D:2 |      60 |       3 |   4.8 |      22 |       2 |   8.3
        D:3 |     328 |      74 |  18.4 |      22 |       2 |   8.3
        D:4 |     215 |       0 |   0.0 |      17 |       0 |   0.0
        D:5 |    1464 |    2726 |  65.1 |      13 |      39 |  75.0
        D:6 |     653 |      18 |   2.7 |      21 |       1 |   4.5
        D:7 |     685 |    1248 |  64.6 |      19 |      16 |  45.7
        D:8 |    1632 |     939 |  36.5 |      22 |       5 |  18.5
        D:9 |    1776 |      18 |   1.0 |      33 |       6 |  15.4
       D:10 |    2220 |    5922 |  72.7 |      29 |      27 |  48.2
       D:11 |    2697 |    2301 |  46.0 |      14 |      14 |  50.0
       D:12 |    4555 |       0 |   0.0 |      20 |       0 |   0.0
       D:13 |    7867 |       0 |   0.0 |      20 |       0 |   0.0
       D:14 |   11017 |   21196 |  65.8 |      19 |      28 |  59.6
       D:15 |    9016 |    1587 |  15.0 |      24 |       2 |   7.7
     Lair:1 |    3893 |     142 |   3.5 |      16 |       1 |   5.9
     Lair:2 |   10862 |    4491 |  29.3 |      36 |       8 |  18.2
     Lair:3 |    4332 |     955 |  18.1 |      14 |       6 |  30.0
     Lair:4 |    9475 |     151 |   1.6 |      26 |       1 |   3.7
     Lair:5 |   13122 |   10908 |  45.4 |      42 |      23 |  35.4
   Shoals:1 |   18121 |    6662 |  26.9 |      29 |      11 |  27.5
   Shoals:2 |   10955 |   17267 |  61.2 |      18 |      31 |  63.3
   Shoals:3 |   12182 |    2792 |  18.6 |      26 |       4 |  13.3
   Shoals:4 |   17546 |   31109 |  63.9 |      42 |      46 |  52.3
    Snake:1 |   15766 |    9237 |  36.9 |      29 |      12 |  29.3
    Snake:2 |   12873 |       0 |   0.0 |      27 |       0 |   0.0
    Snake:3 |   15475 |    8679 |  35.9 |      33 |      23 |  41.1
    Snake:4 |   24254 |   22397 |  48.0 |      49 |      45 |  47.9
    Slime:1 |   22028 |       0 |   0.0 |      55 |       0 |   0.0
    Slime:2 |   14645 |       0 |   0.0 |      27 |       0 |   0.0
    Slime:3 |   12902 |    5150 |  28.5 |      32 |       4 |  11.1
    Slime:4 |    7050 |    6077 |  46.3 |      13 |      10 |  43.5
    Slime:5 |   14052 |   19865 |  58.6 |      20 |      12 |  37.5
      Orc:1 |    7207 |       0 |   0.0 |      67 |       0 |   0.0
      Orc:2 |    2969 |    7625 |  72.0 |      45 |      30 |  40.0
      Elf:1 |   17229 |    9338 |  35.1 |      29 |      12 |  29.3
      Elf:2 |   17991 |    3211 |  15.1 |      28 |       4 |  12.5
      Elf:3 |    4298 |   42362 |  90.8 |       7 |      42 |  85.7
   Vaults:1 |   30306 |   36919 |  54.9 |      48 |      55 |  53.4
   Vaults:2 |   21014 |   29099 |  58.1 |      26 |      32 |  55.2
   Vaults:3 |   19830 |   21318 |  51.8 |      34 |      27 |  44.3
   Vaults:4 |   37694 |   24408 |  39.3 |      49 |      29 |  37.2
   Vaults:5 |   28683 |  111179 |  79.5 |      38 |     100 |  72.5
    Crypt:1 |   25335 |    7602 |  23.1 |      46 |       6 |  11.5
    Crypt:2 |   23925 |    4621 |  16.2 |      36 |       5 |  12.2
    Crypt:3 |   17781 |   30014 |  62.8 |      25 |      76 |  75.2
   Depths:1 |   13287 |   35123 |  72.6 |      15 |      31 |  67.4
   Depths:2 |   13788 |   28908 |  67.7 |      14 |      23 |  62.2
   Depths:3 |   39621 |   10833 |  21.5 |      40 |      14 |  25.9
   Depths:4 |   27104 |   19482 |  41.8 |      27 |      17 |  38.6
      Zot:1 |   59184 |    6247 |   9.5 |      52 |       2 |   3.7
      Zot:2 |   25603 |   13313 |  34.2 |      20 |       9 |  31.0
      Zot:3 |   39160 |    7911 |  16.8 |      33 |       8 |  19.5
      Zot:4 |   34037 |    3404 |   9.1 |      30 |       2 |   6.2
      Zot:5 |   38243 |   94635 |  71.2 |      33 |      40 |  54.8
    Ossuary |       0 |     271 | 100.0 |       0 |      14 | 100.0
      IceCv |       0 |   15119 | 100.0 |       0 |      47 | 100.0
   Gauntlet |       0 |    5268 | 100.0 |       0 |      16 | 100.0
            +---------+---------+-------+---------+---------+-------
